AoeStats
← Gilgamesh

Arabia

507375083Analyzed
1v1 RM · 27d ago on Sep 17, 2026· 48m 33s· 2 players
Game mode
Random Map
Map size
Tiny (2 player)
Population
200
Speed
Normal
Resources
Standard
Victory
Conquest
Starting age
Dark Age
Ending age
Imperial Age
RankedLock teamsTeams togetherTeam positionsShared explorationLock speedFull tech treeHidden civsTurbo modeCheats
Victory
Defeat
🇧🇷 Persians · Brazil
1116
+17
vs
🇨🇱 Maya · Chile
1145
-17
Gilgamesh
6:25 Loom
9:06 Feudal Age
9:54 Double-Bit Axe
12:45 Horse Collar
18:51 Castle Age
18:22 Fletching
19:43 Wheelbarrow
19:03 Stone Mining
20:37 Bloodlines
21:59 Bow Saw
23:07 Hand Cart
25:15 Heavy Plow
28:17 Husbandry
28:31 Scale Barding Armor
29:55 Forging
30:14 Town Watch
31:11 Bodkin Arrow
32:58 Gold Mining
36:50 Imperial Age
35:43 Gold Shaft Mining
36:00 Chain Barding Armor
36:16 Iron Casting
36:20 Padded Archer Armor
37:17 Thumb Ring
36:36 Crossbowman
36:40 Cavalier
37:56 Kamandaran
41:14 Blast Furnace
40:49 Plate Barding Armor
40:35 Savar
43:43 Ballistics
44:42 Conscription
46:20 Leather Archer Armor
48:45 Chemistry
48:30 Ring Archer Armor
The last villager
0:25 Loom
10:11 Feudal Age
12:15 Double-Bit Axe
22:09 Castle Age
20:28 Fletching
20:28 Horse Collar
22:36 Padded Archer Armor
22:50 Bodkin Arrow
22:23 Pikeman
22:43 Crossbowman
25:28 Ballistics
26:57 Wheelbarrow
28:01 Leather Archer Armor
27:47 Scale Mail Armor
27:57 Forging
30:39 Squires
31:35 Hand Cart
34:02 Imperial Age
32:39 Eagle Warrior
33:58 Bow Saw
33:41 Town Watch
34:48 Bracer
34:24 Arbalester
36:18 Chemistry
36:04 Chain Mail Armor
36:45 Thumb Ring
37:56 Conscription
39:04 Halberdier
43:18 Hul'che Javelineers
44:01 Ring Archer Armor
43:20 Elite Skirmisher
48:12 Plate Mail Armor
48:18 Iron Casting
Connection lost

Rejoining the realm…

Still unreachable

The connection could not be restored.

Session expired

The server has moved on; the page needs a fresh start.